MWL (24 & UNDER)
ERIE JAXX @ BEMIDJI BENDERS
08/28/2023
 
TOP OF THE 1ST
Erie Jaxx batting - Pitching for Bemidji Benders : RHP Don Wiggins
Pitching: RHP Don Wiggins
Batting: LHB Jesús González 0-0: Swinging Strike
0-1: Foul Ball, location: 2F
0-2: Ball
1-2: DOUBLE (Line Drive, 78M)
Batting: SHB Tomás Escobar 0-0: Called Strike
0-1: Called Strike
0-2: Ball
1-2: Ball
2-2: Ball
3-2: Foul Ball, location: 2F
3-2: DOUBLE (Groundball, 3L)
Jesús González scores
Batting: SHB Pedro Martínez 0-0: Ball
1-0: Ball
2-0: Ball
3-0: Base on Balls
Batting: RHB Luis Alou 0-0: Called Strike
0-1: SINGLE (Flyball, 89S)
Tomás Escobar to third
Pedro Martínez to second
Runner from 3rd tries for Home, SAFE, throw made home
Batting: SHB Héctor Barajas 0-0: Called Strike
0-1: Ball
1-1: Ball
2-1: Ball
3-1: Fielders Choice at 2nd, 1-6 (Groundball, 13)
Pedro Martínez to third
Batting: RHB Raúl Bruno 0-0: Called Strike
0-1: Fly out, F4 (Popup, 34D)
Batting: RHB Bo Vickers 0-0: Ball
1-0: Swinging Strike
1-1: Foul Ball, location: 2F
1-2: Strikes out looking
Top of the 1st over - 2 run(s), 3 hit(s), 0 error(s), 2 left on base; Erie 2 - Bemidji 0
BOTTOM OF THE 1ST
Bemidji Benders batting - Pitching for Erie Jaxx : RHP Luis De Los Ángeles
Pitching: RHP Luis De Los Ángeles
Batting: RHB António López 0-0: Ball
1-0: Ground out 5-3 (Groundball, 5)
Batting: RHB Gabriel Stout 0-0: Called Strike
0-1: Ground out 6-3 (Groundball, 6M)
Batting: SHB Edgardo Osorio 0-0: Swinging Strike
0-1: Fly out, F7 (Flyball, 7LS)
Bottom of the 1st over - 0 run(s), 0 hit(s), 0 error(s), 0 left on base; Erie 2 - Bemidji 0
TOP OF THE 2ND
Erie Jaxx batting - Pitching for Bemidji Benders : RHP Don Wiggins
Batting: RHB Raúl Ruíz 0-0: Called Strike
0-1: Ball
1-1: Swinging Strike
1-2: Strikes out looking
Batting: RHB José Darias 0-0: Fly out, F8 (Flyball, 8LM)
Batting: LHB Jesús González 0-0: Called Strike
0-1: Called Strike
0-2: Ground out 6-3 (Groundball, 6)
Top of the 2nd over - 0 run(s), 0 hit(s), 0 error(s), 0 left on base; Erie 2 - Bemidji 0
BOTTOM OF THE 2ND
Bemidji Benders batting - Pitching for Erie Jaxx : RHP Luis De Los Ángeles
Batting: RHB Alfredo López 0-0: Called Strike
0-1: Called Strike
0-2: Foul Ball, location: 2F
0-2: Ball
1-2: Ball
2-2: SINGLE (Line Drive, 56)
Batting: RHB Juan Costello 0-0: Ball
1-0: Ball
2-0: Swinging Strike
2-1: Foul Ball, location: 2F
2-2: Strikes out swinging
Batting: RHB Javier Hernández 0-0: Fly out, F9 (Flyball, 89M)
Batting: RHB Ángel Garza 0-0: Ball
1-0: Ground out 5-3 (Groundball, 56S)
Bottom of the 2nd over - 0 run(s), 1 hit(s), 0 error(s), 1 left on base; Erie 2 - Bemidji 0
TOP OF THE 3RD
Erie Jaxx batting - Pitching for Bemidji Benders : RHP Don Wiggins
Batting: SHB Tomás Escobar 0-0: Called Strike
0-1: Ground out 4-3 (Groundball, 4M)
Batting: SHB Pedro Martínez 0-0: Called Strike
0-1: Called Strike
0-2: Strikes out swinging
Batting: RHB Luis Alou 0-0: Ball
1-0: Swinging Strike
1-1: Called Strike
1-2: Strikes out looking
Top of the 3rd over - 0 run(s), 0 hit(s), 0 error(s), 0 left on base; Erie 2 - Bemidji 0
BOTTOM OF THE 3RD
Bemidji Benders batting - Pitching for Erie Jaxx : RHP Luis De Los Ángeles
Batting: RHB Roberto Solís 0-0: Called Strike
0-1: Called Strike
0-2: Foul Ball, location: 2F
0-2: Fly out, F8 (Line Drive, 89M)
Batting: RHB Júlio Valdés 0-0: Called Strike
0-1: Foul Ball, location: 2F
0-2: Strikes out swinging
Batting: RHB António López 0-0: Called Strike
0-1: Ball
1-1: Called Strike
1-2: Ground out 6-3 (Groundball, 6)
Bottom of the 3rd over - 0 run(s), 0 hit(s), 0 error(s), 0 left on base; Erie 2 - Bemidji 0
TOP OF THE 4TH
Erie Jaxx batting - Pitching for Bemidji Benders : RHP Don Wiggins
Batting: SHB Héctor Barajas 0-0: Ball
1-0: Called Strike
1-1: Ball
2-1: Ground out 4-3 (Groundball, 4)
Batting: RHB Raúl Bruno 0-0: Ball
1-0: Foul Ball, location: 2F
1-1: Ball
2-1: Foul Ball, location: 2F
2-2: Ball
3-2: Strikes out swinging
Batting: RHB Bo Vickers 0-0: Called Strike
0-1: Swinging Strike
0-2: Foul Ball, location: 2F
0-2: TRIPLE (Groundball, 5L)
Batting: RHB Raúl Ruíz 0-0: Called Strike
0-1: Ball
1-1: Called Strike
1-2: Strikes out swinging
Top of the 4th over - 0 run(s), 1 hit(s), 0 error(s), 1 left on base; Erie 2 - Bemidji 0
BOTTOM OF THE 4TH
Bemidji Benders batting - Pitching for Erie Jaxx : RHP Luis De Los Ángeles
Batting: RHB Gabriel Stout 0-0: Called Strike
0-1: Foul Ball, location: 2F
0-2: Strikes out looking
Batting: SHB Edgardo Osorio 0-0: Foul Ball, location: 2F
0-1: SINGLE (Line Drive, 9LS)
Batting: RHB Alfredo López Pickoff Throw to First - Out!
0-0: Foul Ball, location: 2F
0-1: Ground out 5-3 (Groundball, 56S)
Bottom of the 4th over - 0 run(s), 1 hit(s), 0 error(s), 0 left on base; Erie 2 - Bemidji 0
TOP OF THE 5TH
Erie Jaxx batting - Pitching for Bemidji Benders : RHP Don Wiggins
Batting: RHB José Darias 0-0: Ball
1-0: Called Strike
1-1: Foul Ball, location: 2F
1-2: Foul Ball, location: 2F
1-2: Strikes out looking
Batting: LHB Jesús González 0-0: Ground out U3 (Groundball, 3)
Batting: SHB Tomás Escobar 0-0: Called Strike
0-1: Ball
1-1: Swinging Strike
1-2: Ball
2-2: Ball
3-2: Strikes out swinging
Top of the 5th over - 0 run(s), 0 hit(s), 0 error(s), 0 left on base; Erie 2 - Bemidji 0
BOTTOM OF THE 5TH
Bemidji Benders batting - Pitching for Erie Jaxx : RHP Luis De Los Ángeles
Batting: RHB Juan Costello 0-0: Called Strike
0-1: Ball
1-1: Swinging Strike
1-2: Strikes out looking
Batting: RHB Javier Hernández 0-0: Ball
1-0: Ground out U3 (Groundball, 3S)
Batting: RHB Ángel Garza 0-0: Ball
1-0: Ball
2-0: Ball
3-0: Base on Balls
Batting: RHB Roberto Solís 0-0: Ball
1-0: Called Strike
1-1: Ball
2-1: Ball
3-1: Swinging Strike
3-2: Strikes out looking
Bottom of the 5th over - 0 run(s), 0 hit(s), 0 error(s), 1 left on base; Erie 2 - Bemidji 0
TOP OF THE 6TH
Erie Jaxx batting - Pitching for Bemidji Benders : RHP Don Wiggins
Batting: SHB Pedro Martínez 0-0: Swinging Strike
0-1: Ball
1-1: Swinging Strike
1-2: Foul Ball, location: 2F
1-2: Ball
2-2: Strikes out swinging
Batting: RHB Luis Alou 0-0: Ball
1-0: Ground out 6-3 (Groundball, 6)
Batting: SHB Héctor Barajas 0-0: SINGLE (Groundball, 34D)
Batting: RHB Raúl Bruno 0-0: Called Strike
0-1: Ball
1-1: Ball
2-1: Swinging Strike
2-2: Strikes out swinging
Top of the 6th over - 0 run(s), 1 hit(s), 0 error(s), 1 left on base; Erie 2 - Bemidji 0
BOTTOM OF THE 6TH
Bemidji Benders batting - Pitching for Erie Jaxx : RHP Luis De Los Ángeles
Batting: RHB Júlio Valdés 0-0: Ball
1-0: Called Strike
1-1: Ball
2-1: Foul Ball, location: 2F
2-2: Ball
3-2: Strikes out looking
Batting: RHB António López 0-0: Called Strike
0-1: Foul Ball, location: 2F
0-2: Foul Ball, location: 2F
0-2: Ground out 5-3 (Groundball, 5L)
Batting: RHB Gabriel Stout 0-0: Called Strike
0-1: Swinging Strike
0-2: Foul Ball, location: 2F
0-2: Strikes out swinging
Bottom of the 6th over - 0 run(s), 0 hit(s), 0 error(s), 0 left on base; Erie 2 - Bemidji 0
TOP OF THE 7TH
Erie Jaxx batting - Pitching for Bemidji Benders : RHP Don Wiggins
Pitching: RHP Mark Anderson
Batting: RHB Bo Vickers 0-0: Ground out 4-3 (Groundball, 6M)
Batting: RHB Raúl Ruíz 0-0: Ball
1-0: Ball
2-0: Foul Ball, location: 2F
2-1: Swinging Strike
2-2: Foul Ball, location: 2F
2-2: Strikes out looking
Batting: RHB José Darias 0-0: Foul Ball, location: 2F
0-1: Ball
1-1: Ball
2-1: Fly out, F9 (Flyball, 9D)
Top of the 7th over - 0 run(s), 0 hit(s), 0 error(s), 0 left on base; Erie 2 - Bemidji 0
BOTTOM OF THE 7TH
Bemidji Benders batting - Pitching for Erie Jaxx : RHP Luis De Los Ángeles
Batting: SHB Edgardo Osorio 0-0: Ball
1-0: Called Strike
1-1: SINGLE (Groundball, 4M)
Batting: RHB Alfredo López 0-0: Called Strike
Edgardo Osorio steals 2nd base
0-1: Foul Ball, location: 2F
0-2: Fly out, F9 (Flyball, 89M)
Batting: RHB Juan Costello 0-0: Called Strike
Edgardo Osorio steals 3rd base
0-1: Ball
1-1: Ground out 5-3 (Groundball, 56S)
Edgardo Osorio scores
Batting: RHB Javier Hernández 0-0: Ball
1-0: Swinging Strike
1-1: Called Strike
1-2: Ground out 6-3 (Groundball, 6)
Bottom of the 7th over - 1 run(s), 1 hit(s), 0 error(s), 0 left on base; Erie 2 - Bemidji 1
TOP OF THE 8TH
Erie Jaxx batting - Pitching for Bemidji Benders : RHP Mark Anderson
Batting: LHB Jesús González 0-0: Called Strike
0-1: Ball
1-1: Ball
2-1: Called Strike
2-2: Strikes out swinging
Batting: SHB Tomás Escobar 0-0: Ball
1-0: Ball
2-0: Ball
3-0: Base on Balls
Batting: SHB Pedro Martínez Pickoff Throw to First - Out!
0-0: Called Strike
0-1: Ball
1-1: Swinging Strike
1-2: Strikes out swinging
Top of the 8th over - 0 run(s), 0 hit(s), 0 error(s), 0 left on base; Erie 2 - Bemidji 1
BOTTOM OF THE 8TH
Bemidji Benders batting - Pitching for Erie Jaxx : RHP Luis De Los Ángeles
Batting: RHB Ángel Garza 0-0: Ground out 1-3 (Groundball, 13S)
Batting: RHB Roberto Solís 0-0: Ball
1-0: Called Strike
1-1: SINGLE (Line Drive, 6M)
Pitching: RHP Ronald Cotton
Pinch Hitting: SHB José Cruz 0-0: Fielders Choice at 2nd, 6-4 (Groundball, 6)
Pitching: RHP Pedro Mendoza
Batting: RHB António López 0-0: Ball
1-0: Ball
2-0: DOUBLE (Line Drive, 5L)
José Cruz to third
Batting: RHB Gabriel Stout 0-0: Ball
1-0: Fly out, F8 (Flyball, 8LS)
Bottom of the 8th over - 0 run(s), 2 hit(s), 0 error(s), 2 left on base; Erie 2 - Bemidji 1
TOP OF THE 9TH
Erie Jaxx batting - Pitching for Bemidji Benders : RHP Mark Anderson
Pitching: LHP António Martínez
Now in RF: José Cruz
Batting: RHB Luis Alou 0-0: Ball
1-0: Called Strike
1-1: Called Strike
1-2: Strikes out swinging
Batting: SHB Héctor Barajas 0-0: Foul Ball, location: 2F
0-1: Ball
1-1: Ground out 5-3 (Groundball, 5L)
Batting: RHB Raúl Bruno 0-0: Foul Ball, location: 2F
0-1: Ball
1-1: Foul Ball, location: 2F
1-2: Ground out 4-3 (Groundball, 34)
Top of the 9th over - 0 run(s), 0 hit(s), 0 error(s), 0 left on base; Erie 2 - Bemidji 1
BOTTOM OF THE 9TH
Bemidji Benders batting - Pitching for Erie Jaxx : RHP Pedro Mendoza
Pitching: RHP Barry Garner
Now at 1B: Mark Everett
Now at SS: Guaspar Vasche
Batting: SHB Edgardo Osorio 0-0: Foul Ball, location: 2F
0-1: Foul Ball, location: 2F
0-2: Strikes out looking
Batting: RHB Alfredo López 0-0: Foul Ball, location: 2F
0-1: Swinging Strike
0-2: Strikes out swinging
Batting: RHB Juan Costello 0-0: Ball
1-0: Ball
2-0: Ground out 5-3 (Groundball, 5L)
Bottom of the 9th over - 0 run(s), 0 hit(s), 0 error(s), 0 left on base; Erie 2 - Bemidji 1
This league is powered by Out of the Park Baseball, the baseball management simulation game for PC, Mac and Linux
Wednesday, December 2nd, 2015 - OOTP Baseball 16.8 Build 38